 Dungeon Crawl Stone Soup version 0.30.0-30-g96aa6591b8 (webtiles) character file.

Game seed: 1563091322830872962

79 Sabo the Chopper (level 4, 0/35 HPs)
             Began as a Demonspawn Monk on June 27, 2023.
             Slain by Natasha (6 damage)
             ... on level 3 of the Dungeon.
             The game lasted 00:08:18 (2032 turns).

Sabo the Chopper (Demonspawn Monk)                  Turns: 2032, Time: 00:08:21

Health: 0/35       AC:  5    Str: 14    XL:     4   Next: 17%
Magic:  4/4        EV: 11    Int: 13    God:
Gold:   90         SH:  0    Dex: 15    Spells: 3/3 levels left

rFire   . . .        a - +0 hand axe
rCold   . . .        d - orb {light}
rNeg    . . .        n - +0 ring mail
rPois   .            (no helmet)
rElec   .            (no cloak)
rCorr   .            (no gloves)
SInv    .            (no boots)
Will    .....        (no amulet)
Stlth   +            (no ring)
HPRegen 0.25/turn    (no ring)
MPRegen 0.09/turn

%: no passive effects
@: slowed, glowing, very slow
A: spiny 1, big brain 1
a: no special abilities


You were on level 3 of the Dungeon.
You visited 1 branch of the dungeon, and saw 3 of its levels.

You collected 90 gold pieces.

Inventory:

Hand Weapons
 a - a +0 hand axe (weapon)
 f - a +0 sling
Missiles
 q - 6 poisoned darts (quivered)
Armour
 d - an orb of light (worn)
 n - a +0 ring mail (worn)
Scrolls
 b - 2 scrolls of teleportation
 e - a scroll of summoning {unknown}
 i - 2 scrolls of identify {unknown}
 l - a scroll of enchant weapon {unknown}
 m - a scroll of fear {unknown}
Potions
 g - a potion of might {unknown}
 h - a potion of haste {unknown}
 j - a potion of flight {unknown}
 k - a potion of cancellation {unknown}
 o - a potion of invisibility {unknown}
 p - a potion of berserk rage {unknown}


   Skills:
 + Level 3.5 Fighting
 + Level 3.6 Axes
 + Level 1.1 Armour
 + Level 3.1 Dodging


You had 3 spell levels left.
You didn't know any spells.
Your spell library contained the following spells:

 Spells                   Type           Power      Damage    Failure   Level
 Apportation              Tloc           0%         N/A       54%         1
 Ozocubu's Armour         Ice            0%         N/A       88%         3
 Alistair's Intoxication  Tmut/Pois      0%         N/A       100%        5
 Ozocubu's Refrigeration  Ice            0%         4d7       100%        7


Dungeon Overview and Level Annotations

Branches:
Dungeon (3/15)

Altars:

Annotations:
D:3 Natasha


Innate Abilities, Weirdness & Mutations

You are partially covered in sharp spines.
You have an unusually large brain. (Int +2)


Message History

Natasha is lightly wounded.
Natasha claws you but does no damage.
You hit Natasha.
Natasha is heavily wounded.
Natasha claws you but does no damage. Natasha casts a spell at you.
The magic dart hits you!
* * * LOW HITPOINT WARNING * * *
You are confused.
You feel invigorated. Natasha claws you.
* * * LOW HITPOINT WARNING * * *
Natasha claws you.
* * * LOW HITPOINT WARNING * * *
You closely miss Natasha.
Natasha is heavily wounded.
Natasha stares at you and mumbles some strange words.
The magic dart hits you!
* * * LOW HITPOINT WARNING * * *
You hit Natasha but do no damage.
Natasha is heavily wounded.
You feel less invigorated.
You feel less confused. Natasha is struck by your spines. Natasha claws you.
* * * LOW HITPOINT WARNING * * *
Natasha casts a spell.
You barely miss Natasha.
Natasha is severely wounded.
Natasha stares at you and mumbles some strange words.
You feel as though you will be slow longer.
The cerulean imp hits you from afar with a +1 spear.
* * * LOW HITPOINT WARNING * * *
Natasha closely misses you.
You hit Natasha.
Natasha is almost dead.
The cerulean imp hits you from afar with a +1 spear.
* * * LOW HITPOINT WARNING * * *
Natasha mumbles some strange words.
You feel disoriented. Natasha claws you.
You die...

... #........ .... .........
.... #......# .....#......#
...#......# .5......# #..
#h.....# ..# #@.....# # #.#
#.$....# #. #.# ##.##### ###
#. #.# #†# ... #..#.# #.#
###.. #..#.########.#######
##.).. #....................
##..#..
##.#.######....########.#....
.. #.........†.# ##.#..#.#


You could see Natasha and a cerulean imp (summoned).

Vanquished Creatures
  An adder (D:2)
  A gnoll (D:1)
  A worm (D:2)
  2 dart slugs (D:1)
  An orc (D:3)
  6 endoplasms
  3 giant cockroaches
  7 goblins
  3 hobgoblins (D:1)
  4 quokkas
  3 ball pythons
  4 bats
  4 frilled lizards
  5 kobolds
  5 rats
50 creatures vanquished.

Vanquished Creatures (others)
  A bat (D:1)
1 creature vanquished.

Grand Total: 51 creatures vanquished

Notes
Turn   | Place    | Note
-------+----------+-------------------------------------------
     0 | D:1      | Sabo the Demonspawn Monk began the quest for the Orb.
     0 | D:1      | Reached XP level 1. HP: 18/18 MP: 1/1
   136 | D:1      | Gained mutation: You have an unusually large brain. (Int
                  | +2) [demonic ancestry]
   136 | D:1      | Reached XP level 2. HP: 14/24 MP: 2/2
   144 | D:1      | HP: 1/24 [gnoll/+0 club (7)]
   597 | D:1      | Gained mutation: You are partially covered in sharp spines.
                  | [demonic ancestry]
   597 | D:1      | Reached XP level 3. HP: 29/29 MP: 3/3
  1262 | D:2      | Reached skill level 1 in Armour
  1306 | D:2      | Reached XP level 4. HP: 35/35 MP: 4/4
  2020 | D:3      | Noticed Natasha
  2032 | D:3      | Slain by Natasha

Illustrated notes

Levels and vault maps discovered:
D:1:      ldierk_walled_garden_2, layout_loops_ring,
          corexii_item_surrounded_by_moat
D:2:      layout_basic, grunt_ministairs_14
D:3:      layout_basic, nemelex_spade_bored_becter,
          corexii_item_surrounded_by_moat, hangedman_decor_opposing,
          minmay_checkerbox, uniq_natasha

Skill      XL: |  1  2  3 |
---------------+----------+-----
Axes           | 3 |  3.6
Dodging        | 3 |  3.1
Armour         | 1 |  1.1
Fighting       | |  3.5

Action                     |  1- 3 |  4- 6 || total
---------------------------+-------+-------++-------
  Melee: Hand axe          |    83 |    27 ||   110
    Use: Scroll            |     1 |       ||     1
         Potion            |       |     1 ||     1
 Armour: Leather armour    |    13 |       ||    13
         Ring mail         |       |     7 ||     7
  Dodge: Dodged            |    49 |     9 ||    58
